 Dungeon Crawl Stone Soup version 0.30-a0-824-g6c64550be9 (webtiles) character file.

Game seed: 17285550179738706121

32792 Zonian the Covert (level 13, -7/71 HPs)
             Began as a Vine Stalker Transmuter on Feb 28, 2023.
             Was an Elder of Ashenzari.
             Mangled by a death yak (9 damage)
             ... on level 4 of the Lair of Beasts.
             The game lasted 00:48:09 (13443 turns).

Zonian the Covert (Vine Stalker Transmuter)        Turns: 13443, Time: 00:48:09

Health: -7/71      AC: 13    Str: 16    XL:     13   Next: 66%
Magic:  0/24       EV: 16    Int: 16    God:    Ashenzari [****..]
Gold:   421        SH:  0    Dex: 23    Spells: 15/26 levels left

rFire   x . .      SeeInvis +    n - +8 quick blade "Diecwal" {freeze, Int+3}
rCold   + + .      Faith    .    (no shield)
rNeg    . . .      Spirit   +    m - +3 scale mail "Shackled Gloom" {rC+, Range, Cun} (curse)
rPois   +          Reflect  .    (helmet currently unavailable)
rElec   .          Harm     .    u - +2 cloak "Ensconced Dismay" {Comp, Bglg} (curse)
rCorr   .          Rampage  .    (no gloves)
Will    +....      Clarity  +    (boots currently unavailable)
Stlth   ++++++                   E - amulet "Behold Eternity" {RegenMP, Elem, Melee} (curse)
HPRegen 1.11/turn                D - ring "I Foresaw This" {Dex+6, Bglg, Alch} (curse)
MPRegen 0.59/turn                v - ring "Sibylline Discomfort" {Ice rPois Stlth+, Comp, Cun} (curse)

@: about to teleport, appendages
A: horns 2, talons 2, fangs 3, regeneration 1, magic shield, antimagic bite, no
potion heal 2
a: End Transformation, Renounce Religion, Shatter the Chains


You were on level 4 of the Lair of Beasts.
You worshipped Ashenzari.
Ashenzari was greatly pleased with you.
You had temporarily grown beastly horns and talons.
You visited 3 branches of the dungeon, and saw 13 of its levels.
You also visited: Gauntlet.

You collected 811 gold pieces.
You spent 390 gold pieces at shops.

Inventory:

Hand Weapons
 n - the +8 quick blade "Diecwal" (weapon) {freeze, Int+3}
   (You acquired it on level 4 of the Dungeon)

   Int:       It affects your intelligence (+3).
Missiles
 t - 5 silver javelins
 z - 11 boomerangs
 F - 6 javelins
Armour
 m - the cursed +3 scale mail "Shackled Gloom" (worn) {rC+, Range, Cun}
   (You took it off Terence on level 3 of the Dungeon)

   It has a curse which improves the following skills: Ranged Combat: Ranged
   Weapons and Throwing.
   Cunning:   Dodging and Stealth.
 u - the cursed +2 cloak "Ensconced Dismay" (worn) {Comp, Bglg}
   (You found it on level 4 of the Dungeon)

   It has a curse which improves the following skills: Companions: Summonings
   and Necromancy.
   Beguiling: Conjurations, Hexes and Translocations.
 H - the +1 ring mail of Beogh's Favour {rElec rN++ Will- Int+2}
   (You found it on level 2 of the Lair of Beasts)

   Int:       It affects your intelligence (+2).
   rElec:     It insulates you from electricity.
   rN:        It greatly protects you from negative energy.
   Will:      It decreases your willpower.
 I - the cursed +1 helmet of Ashenzari's Planets (melded) {Dex+3, Comp, Alch}
   (You found it on level 3 of the Lair of Beasts)

   Dex:       It affects your dexterity (+3).
   It has a curse which improves the following skills: Companions: Summonings
   and Necromancy.
   Alchemy:   Poison Magic and Transmutations.
 J - a +2 leather armour of fire resistance
 L - the cursed +0 pair of boots of the Shackled Sky (melded) {Self, Elem}
   (You found it on level 4 of the Lair of Beasts)

   It has a curse which improves the following skills: Introspection: Fighting
   and Spellcasting.
   Elements:  Fire Magic, Ice Magic, Air Magic and Earth Magic.
Jewellery
 a - the ring "Juuqy" {Wiz rElec}
   (You found it in a Gauntlet)

   [ring of wizardry]

   It improves your spell success rate.
   rElec:     It insulates you from electricity.
 d - a ring of fire
 e - a ring of ice
 s - a ring of positive energy
 v - the cursed ring "Sibylline Discomfort" (right hand) {Ice rPois Stlth+, Comp, Cun}
   (You found it on level 4 of the Dungeon)

   [ring of ice]

   It enhances your ice magic.
   rF:        It makes you vulnerable to fire.
   rC:        It protects you from cold.
   rPois:     It protects you from poison.
   Stlth:     It makes you more stealthy.
   It has a curse which improves the following skills: Companions: Summonings
   and Necromancy.
   Cunning:   Dodging and Stealth.
 y - a ring of positive energy
 D - the cursed ring "I Foresaw This" (left hand) {Dex+6, Bglg, Alch}
   (You found it on level 7 of the Dungeon)

   [ring of dexterity]

   Dex:       It affects your dexterity (+6).
   It has a curse which improves the following skills: Beguiling: Conjurations,
   Hexes and Translocations.
   Alchemy:   Poison Magic and Transmutations.
 E - the cursed amulet "Behold Eternity" (around neck) {RegenMP, Elem, Melee}
   (You bought it in a shop on level 7 of the Dungeon)

   [amulet of magic regeneration]

   It increases your rate of magic regeneration.
   It has a curse which improves the following skills: Elements: Fire Magic, Ice
   Magic, Air Magic and Earth Magic.
   Melee Combat: Short Blades, Long Blades, Axes, Maces & Flails, Polearms,
   Staves and Unarmed Combat.
Wands
 j - a wand of charming (10)
 A - a wand of iceblast (12)
 C - a wand of flame (40)
 G - a wand of acid (4)
Scrolls
 g - 2 scrolls of vulnerability
 h - 4 scrolls of teleportation
 i - a scroll of amnesia
 l - a scroll of silence
 r - 3 scrolls of enchant weapon
 w - a scroll of brand weapon
 B - 2 scrolls of poison
 K - a scroll of magic mapping
Potions
 b - 2 potions of lignification
 c - a potion of berserk rage
 f - 8 potions of curing
 k - 2 potions of attraction
 o - 7 potions of mutation
 p - a potion of might
 q - 2 potions of brilliance
 x - a potion of flight


   Skills:
 - Level 9.7 Fighting
 - Level 8.0(10.0) Short Blades
 + Level 3.6 Armour
 - Level 7.4(10.5) Dodging
 - Level 11.6(14.5) Stealth
 - Level 4.9(6.8) Unarmed Combat
 + Level 7.0 Spellcasting
 - Level 9.7(11.6) Transmutations
 + Level 4.5(6.3) Poison Magic
 - Level 4.0 Evocations


You had 15 spell levels left.
You knew the following spells:

 Your Spells              Type           Power      Damage    Failure   Level
a - Beastly Appendage     Tmut           86%        N/A       1%          1
b - Wereblood             Tmut           43%        N/A       1%          2
c - Spider Form           Tmut/Pois      34%        N/A       3%          3
d - Alistair's Intoxicat  Tmut/Pois      22%        N/A       28%         5

Your spell library contained the following spells:

 Spells                   Type           Power      Damage    Failure   Level
 Poisonous Vapours        Pois/Air       32%        N/A       17%         2
 Cigotuvi's Dreadful Rot  Necr/Pois/Air  26%        N/A       24%         2
 Apportation              Tloc           12%        N/A       36%         1
 Necrotise                Necr           24%        1d5       36%         1
 Summon Small Mammal      Summ           24%        N/A       36%         1
 Ice Form                 Ice/Tmut       37%        N/A       36%         4
 Mephitic Cloud           Conj/Pois/Air  13%        N/A       43%         3
 Lesser Beckoning         Tloc           12%        N/A       50%         2
 Gell's Gravitas          Tloc           6%         N/A       73%         3
 Teleport Other           Tloc           6%         N/A       73%         3
 Ozocubu's Armour         Ice            9%         N/A       75%         3
 Dispersal                Tloc           3%         N/A       100%        6
 Ozocubu's Refrigeration  Ice            4%         4d8       100%        7


Dungeon Overview and Level Annotations

Branches:
Dungeon (8/15)             Temple (1/1) D:7            Lair (4/5) D:8
 Shoals (0/4) Lair:3        Snake (0/4) Lair:2        Slime (0/5) Lair:4
Gauntlet (visited)

Altars:
Ashenzari
Cheibriados
Dithmenos
Elyvilon
Fedhas
Gozag
Hepliaklqana
Kikubaaqudgha
Makhleb
Nemelex Xobeh
Okawaru
Qazlal
Ru
Sif Muna
Trog
Vehumet
Wu Jian
Xom
Yredelemnul
Zin
The Shining One
Lugonu

Shops:
D:7 =

Portals:
Abyss: Lair:4


Innate Abilities, Weirdness & Mutations

You have temporarily grown beastly horns and talons.
You have razor-sharp teeth.
Your natural rate of healing is unusually fast.
When hurt, damage is shared between your health and your magic reserves.
Your bite disrupts and absorbs the magic of your enemies.
Potions cannot restore your health.


Message History

Aiming: Corrosive Bolt
Press: ? - help, Shift-Dir - straight line, f - death yak
Aim: a death yak (moderately wounded, 91% to hit)
The bolt of acid hits the death yak!
The death yak is heavily wounded.
The death yak gores you!
* * * LOW HITPOINT WARNING * * *
The death yak gores you but does no damage.
The death yak gores you!
* * * LOW HITPOINT WARNING * * *
Unknown command.
Okay, then.
You hit the death yak but do no damage. You claw the death yak.
You headbutt the death yak. Your bite misses the death yak.
The death yak is heavily wounded.
You hit the death yak. You freeze the death yak.
You claw the death yak, but do no damage.
You headbutt the death yak, but do no damage.
You bite the death yak. You drain its power.
You feel invigorated.
The death yak is severely wounded.
The death yak barely misses you.
The death yak gores you but does no damage.
The death yak barely misses you.
Okay, then.
You hit the death yak. You freeze the death yak.
You claw the death yak, but do no damage.
You bite the death yak, but do no damage.
The death yak is almost dead.
You hit the death yak. You freeze the death yak.
You claw the death yak, but do no damage.
You headbutt the death yak, but do no damage.
You bite the death yak, but do no damage.
The death yak is almost dead.
You hit the death yak. You freeze the death yak.
You claw the death yak, but do no damage.
The death yak is almost dead.
The death yak gores you.
* * * LOW HITPOINT WARNING * * *
The death yak gores you!
You die...

.... , , * , ... # ,
,.#.., * * ** , ** ,,<...
*,,, *#.....# *** , ,..) *
* #..... * ... * *,#...# *
... ##...##* ... #.....#
*,,... #.....## ### *
**,...
########P..#.###@### * *
,,..*
.#.............YYY.#* , ,
,.## ....................#
, , ,...
........................,,
,,....
........................
,....
........#............P..,
##..
.............#.##.#.#...
#.#.
..[.....................,
,, ....
........................ ,
,....


You could see 3 death yaks.

Vanquished Creatures
  A minotaur (Gauntlet)
  A hydra (Lair:3)
  5 death yaks
  A worldbinder (Gauntlet)
  17 elephants
  2 black mambas
  A rime drake (Lair:4)
  7 cane toads
  3 komodo dragons (Lair:1)
  A troll (D:7)
  A tyrant leech (Lair:3)
  2 hornets (Lair:3)
  Grinder (D:6)
  18 blink frogs
  25 yaks
  3 shadows (Gauntlet)
  A wyvern (Lair:3)
  2 basilisks
  A neqoxec (Gauntlet)
  3 chaos spawn (Gauntlet)
  Edmund (D:5)
  3 swamp worms (Lair:3)
  2 nagas (Lair:2)
  15 water moccasins
  3 orc warriors
  A sky beast (D:7)
  An ice beast (D:5)
  An ogre (D:6)
  3 black bears
  3 boggarts (Gauntlet)
  5 centaurs
  14 bullfrogs
  A necrophage (D:6)
  4 scorpions
  11 wights (D:6)
  A jelly (D:7)
  5 hounds
  4 gnoll boudas
  3 orc priests
  5 iguanas
  Terence (D:3)
  4 orc wizards
  14 gnolls
  20 adders
  A shadow imp (D:6)
  3 white imps (D:7)
  2 ufetubi
  3 dart slugs
  22 orcs
  4 endoplasms
  5 giant cockroaches
  5 goblins
  2 hobgoblins (D:2)
  2 kobolds
  3 quokkas
  12 ball pythons
  A frilled lizard (D:1)
  8 rats
  A lurking horror (Lair:4)
295 creatures vanquished.

Vanquished Creatures (others)
  A naga (Lair:2)
  A scorpion (D:6)
  A hound (D:6)
  A jelly (D:6)
  A bush (Lair:3)
  84 fungi
  127 plants
  14 withered plants (Gauntlet)
230 creatures vanquished.

Grand Total: 525 creatures vanquished

Notes
Turn   | Place    | Note
-------+----------+-------------------------------------------
     0 | D:1      | Zonian the Vine Stalker Transmuter began the quest for the
                  | Orb.
     0 | D:1      | Reached XP level 1. HP: 9/9 MP: 4/4
   186 | D:1      | Reached XP level 2. HP: 14/14 MP: 6/6
   952 | D:2      | Reached XP level 3. HP: 13/17 MP: 4/7
  1939 | D:3      | Found a sacrificial altar of Ru.
  2010 | D:3      | Found a burning altar of Makhleb.
  2027 | D:3      | Noticed Terence
  2037 | D:3      | Killed Terence
  2038 | D:3      | Gained mutation: Your natural rate of healing is unusually
                  | fast. [Vine Stalker growth]
  2038 | D:3      | Reached XP level 4. HP: 21/21 MP: 5/8
  2945 | D:4      | Reached XP level 5. HP: 25/25 MP: 9/9
  3413 | D:4      | Identified a scroll of acquirement
  3413 | D:4      | Acquired the +8 quick blade "Diecwal" {freeze, Int+3}
  3939 | D:4      | Reached XP level 6. HP: 29/29 MP: 10/10
  3941 | D:4      | Reached skill level 1 in Short Blades
  4014 | D:4      | Identified the ring "Joritz" {Ice rPois Stlth+}
  4197 | D:5      | Entered Level 5 of the Dungeon
  4253 | D:5      | Reached skill level 5 in Transmutations
  4282 | D:5      | Reached XP level 7. HP: 32/32 MP: 11/11
  4289 | D:5      | Found a stormy altar of Qazlal.
  4547 | D:5      | Noticed Edmund
  4566 | D:5      | Killed Edmund
  4827 | D:5      | Gained mutation: You have razor-sharp teeth. [Vine Stalker
                  | growth]
  4827 | D:5      | Reached XP level 8. HP: 31/37 MP: 5/12
  5339 | D:6      | Reached skill level 5 in Short Blades
  5399 | D:6      | Found a shimmering altar of Xom.
  5409 | D:6      | Learned a level 2 spell: Wereblood
  5445 | D:6      | Found a basalt altar of Yredelemnul.
  5445 | D:6      | Noticed Grinder
  5484 | D:6      | Reached XP level 9. HP: 39/40 MP: 11/13
  5546 | D:6      | Killed Grinder
  6506 | D:7      | Found a staircase to the Ecumenical Temple.
  6513 | Temple   | Entered the Ecumenical Temple
  6681 | Temple   | Became a worshipper of Ashenzari the Shackled
  6742 | D:7      | Noticed a troll
  6761 | D:7      | Reached XP level 10. HP: 58/58 MP: 14/14
  6976 | D:7      | Found Jaig Nua's Jewellery Boutique.
  7095 | D:7      | Reached skill level 1 in Stealth
  7095 | D:7      | Reached XP level 11. HP: 49/63 MP: 15/15
  7291 | D:7      | Reached skill level 2 in Stealth
  7630 | D:8      | Found a shadowy altar of Dithmenos.
  7727 | D:8      | Reached skill level 3 in Stealth
  7727 | D:8      | Reached * piety under Ashenzari
  7935 | D:8      | Found a staircase to the Lair.
  8086 | D:8      | Reached skill level 4 in Stealth
  8096 | D:8      | Reached ** piety under Ashenzari
  8173 | D:7      | Bought an amulet of magic regeneration for 390 gold pieces
  8394 | D:8      | Reached skill level 5 in Stealth
  8457 | D:8      | Identified the cursed +2 hat of the Fated Chagrin {Range,
                  | Alch} (You found it on level 1 of the Dungeon)
  8826 | Lair:1   | Entered Level 1 of the Lair of Beasts
  8842 | Lair:1   | Reached skill level 6 in Stealth
  9026 | Lair:1   | Found a gate leading to a gauntlet.
  9273 | Gauntlet | Entered a Gauntlet
  9273 | Gauntlet | Found a transporter.
  9273 | Gauntlet | Found a large runed translucent door.
  9273 | Gauntlet | Found a large runed translucent door.
  9273 | Gauntlet | Found a large runed translucent door.
  9273 | Gauntlet | Found a large runed translucent door.
  9273 | Gauntlet | Found a runed translucent door.
  9273 | Gauntlet | Found a runed translucent door.
  9273 | Gauntlet | Found a large runed translucent door.
  9273 | Gauntlet | Found a large runed translucent door.
  9273 | Gauntlet | Found a large runed translucent door.
  9273 | Gauntlet | Found a large runed translucent door.
  9273 | Gauntlet | Found a large runed translucent door.
  9273 | Gauntlet | Found a large runed translucent door.
  9274 | Gauntlet | Found a large runed translucent door.
  9274 | Gauntlet | Found a large runed translucent door.
  9275 | Gauntlet | Found a large runed translucent door.
  9275 | Gauntlet | Found a large runed translucent door.
  9275 | Gauntlet | Found a large runed translucent door.
  9275 | Gauntlet | Found a large runed translucent door.
  9286 | Gauntlet | Found a transporter.
  9322 | Gauntlet | Found a transporter.
  9355 | Gauntlet | Found a runed translucent gate.
  9355 | Gauntlet | Found a runed translucent gate.
  9355 | Gauntlet | Found a runed translucent gate.
  9357 | Gauntlet | Found a transporter.
  9357 | Gauntlet | Noticed a worldbinder
  9357 | Gauntlet | Identified the ring "Juuqy" {Wiz rElec}
  9359 | Gauntlet | Found a transporter.
  9361 | Gauntlet | Found a transporter.
  9388 | Gauntlet | Found a transporter.
  9394 | Gauntlet | Noticed a skeletal warrior
  9397 | Gauntlet | Noticed a skeletal warrior
  9398 | Gauntlet | Found a transporter.
  9409 | Gauntlet | Killed a worldbinder
  9432 | Gauntlet | Noticed a green death
  9439 | Gauntlet | Noticed a skyshark
  9439 | Gauntlet | a skyshark changed into a death drake
  9439 | Gauntlet | Noticed a death drake (shapeshifter)
  9444 | Gauntlet | a death drake changed into an orb spider
  9444 | Gauntlet | Noticed an orb spider (shapeshifter)
  9446 | Gauntlet | a hornet changed into an entropy weaver
  9446 | Gauntlet | Noticed an entropy weaver (glowing shapeshifter)
  9451 | Gauntlet | an entropy weaver changed into a spriggan
  9458 | Gauntlet | a spriggan changed into a harpy
  9458 | Gauntlet | Noticed a harpy (glowing shapeshifter)
  9460 | Gauntlet | a harpy changed into a fire crab
  9460 | Gauntlet | Noticed a fire crab (glowing shapeshifter)
  9465 | Gauntlet | a fire crab changed into a tarantella
  9476 | Gauntlet | Found a transporter.
  9525 | Gauntlet | Noticed an entropy weaver
  9526 | Gauntlet | Noticed a wolf spider
  9528 | Gauntlet | Found a transporter.
  9559 | Gauntlet | Found a transporter.
  9560 | Gauntlet | Noticed a deep troll
  9566 | Gauntlet | Reached skill level 5 in Spellcasting
  9594 | Gauntlet | Found a transporter.
  9636 | Gauntlet | Identified the +5 falchion of Magnificence {drain, rC+}
  9636 | Gauntlet | Identified the +8 plate armour of Gusuoma {Str+3 Int+3}
  9636 | Gauntlet | Noticed a minotaur
  9649 | Gauntlet | Killed a minotaur
  9650 | Gauntlet | Reached skill level 5 in Dodging
  9650 | Gauntlet | Reached XP level 12. HP: 12/67 MP: 5/22
  9788 | Lair:1   | Reached skill level 7 in Stealth
 10194 | Lair:2   | Identified the +1 ring mail of Beogh's Favour {rElec rN++
                  | Will- Int+2}
 10295 | Lair:2   | Reached skill level 8 in Stealth
 10404 | Lair:2   | Reached *** piety under Ashenzari
 10548 | Lair:2   | Found a staircase to the Snake Pit.
 10554 | Lair:2   | Reached skill level 9 in Stealth
 11004 | Lair:2   | Reached skill level 10 in Stealth
 11390 | Lair:3   | Identified the +1 helmet of Negligence {Dex+3}
 11394 | Lair:3   | Reached **** piety under Ashenzari
 11464 | Lair:3   | Noticed a four-headed hydra
 11519 | Lair:3   | Reached skill level 1 in Evocations
 11591 | Lair:3   | Killed a four-headed hydra
 11665 | Lair:3   | Reached skill level 11 in Stealth
 11771 | Lair:3   | Reached XP level 13. HP: 69/71 MP: 21/23
 11863 | Lair:3   | Reached skill level 1 in Poison Magic
 12031 | Lair:3   | Found a staircase to the Shoals.
 12051 | Lair:3   | Reached skill level 1 in Armour
 12197 | Lair:3   | Learned a level 3 spell: Spider Form
 12966 | Lair:4   | Found a staircase to the Slime Pits.
 13163 | Lair:4   | Found a corrupted altar of Lugonu.
 13168 | Lair:4   | Found a one-way gate to the infinite horrors of the Abyss.
 13348 | Lair:4   | Learned a level 5 spell: Alistair's Intoxication
 13438 | Lair:4   | HP: 2/71 [death yak (6)]
 13443 | Lair:4   | HP: 2/71 [death yak (1)]
 13443 | Lair:4   | Mangled by a death yak

Illustrated notes

Levels and vault maps discovered:
D:1:      wander_arrival_estate, layout_basic
D:2:      layout_loops_cross, nicolae_underground_beach
D:3:      layout_loops_ring, nicolae_ru_the_path_less_chosen,
          lightli_temple_of_fire, uniq_terence
D:4:      nicolae_cairo_tiling_large_dashed, layout_loops_corners,
          serial_bayou_pond_a, minmay_snake_closets
D:5:      layout_loops_ring, nicolae_qazlal_general_emergency,
          nicolae_kite_square_tiling_tiny, uniq_edmund
D:6:      layout_rooms, lemuel_crystal_altar, xom_confusion_cloud, uniq_grinder
D:7:      layout_loops_ring, minmay_temple_entry_hall, serial_co_window_serial,
          co_window_paths_a, co_window_corner_a, co_window_corner_a,
          co_window_paths_b, co_window_paths_b, co_window_corner_b,
          co_window_corner_ca, co_window_corner_ca, co_window_of_opportunity_b,
          co_window_of_opportunity_c, co_window_2corner, co_window_4corner_a,
          co_window_paths_e, glass_columns_b, serial_shops, kennysheep_mini
D:8:      layout_basic, nicolae_dithmenos_shadow_blocks,
          due_lair_maze_entry_diamond, minivault_11
Temple:   nicolae_temple_bog_church
Lair:1:   layout_loops_ring, gauntlet_entry_generic, serial_bayou_shore_b,
          serial_bayou_shore_a, infiniplex_staircase_pool_2, grunt_megastairs_5
Lair:2:   layout_roguey, nicolae_snake_entry_squirm
Lair:3:   minmay_lair_venomous_thicket, layout_chaotic_city,
          minmay_shoals_entry_centaurs, worms_lemuel
Lair:4:   layout_gridlike, nicolae_slime_entry_slimehenge,
          amcnicky_altar_lugonu_corruption

Skill      XL: |  1  2  3  4  5  6  7  8  9 10 11 12 13 |
---------------+----------------------------------------+-----
Unarmed Combat | 4 |  4.9
Transmutations | 3 4 5 6 8 9 |  9.7
Short Blades   | 2 4 6 7 8 |  8.0
Fighting       | 9 |  9.7
Stealth        | 1 6 11 | 11.6
Dodging        | 5 7 |  7.4
Spellcasting   | 6 7 |  7.0
Evocations     | 2 4 |  4.0
Poison Magic   | 4 |  4.5
Armour         | 3 |  3.6

Action                     |  1- 3 |  4- 6 |  7- 9 | 10-12 | 13-15 || total
---------------------------+-------+-------+-------+-------+-------++-------
  Melee: Unarmed           |    74 |    93 |       |       |       ||   167
         Bite              |    13 |    23 |    63 |   248 |   133 ||   480
         Punch             |     2 |       |     4 |    41 |    13 ||    60
         Kick              |     3 |    15 |    36 |   120 |    63 ||   237
         Headbutt          |     1 |    10 |    15 |    59 |    40 ||   125
         Quick blade       |       |    38 |   214 |   535 |   285 ||  1072
  Throw: Boomerang         |       |       |     1 |       |       ||     1
         Javelin           |       |       |       |     2 |       ||     2
   Cast: Beastly Appendage |     7 |    13 |     9 |    16 |     3 ||    48
 Invoke: Curse Item        |       |       |       |     6 |     2 ||     8
         Shatter the Chain |       |       |       |     1 |       ||     1
  Evoke: Wand              |       |       |     4 |     4 |     6 ||    14
    Use: Scroll            |     5 |    11 |     4 |     5 |     5 ||    30
         Potion            |     1 |       |     2 |     1 |       ||     4
   Stab: Sleeping          |       |     4 |     1 |    11 |       ||    16
         Distracted        |       |       |       |       |     2 ||     2
 Armour: Ring mail         |    21 |       |       |     1 |       ||    22
         Skin              |     2 |       |       |       |       ||     2
         Scale mail        |       |    19 |       |    54 |    55 ||   128
         Robe              |       |    23 |    18 |    10 |       ||    51
  Dodge: Dodged            |    35 |    67 |    54 |   147 |   106 ||   409

Table legend: (Time is in decaauts)
 A = Elapsed time spent in this place.
 B = Non-inter-level travel time spent in this place.
 C = Inter-level travel time spent in this place.
 D = Time resting spent in this place.
 E = Time spent auto-exploring this place.
 F = Levels seen in this place.
 G = Mean time per level.
                   A        B        C        D        E       F      G
               +--------+--------+--------+--------+--------+-----+--------+
         Total |  12764 |  12127 |    637 |   2023 |   6802 |  14 |  911.7 |
       Dungeon |   8408 |   7925 |    483 |   1531 |   4991 |   8 | 1051.0 |
        Temple |    186 |    174 |     12 |      0 |    136 |   1 |  186.0 |
          Lair |   3739 |   3597 |    142 |    413 |   1673 |   4 |  934.8 |
      Gauntlet |    429 |    429 |      0 |     79 |      0 |   1 |  429.0 |
               +--------+--------+--------+--------+--------+-----+--------+

Top non-repeatable levels by time:
     D:4: 1324 daAuts
     D:7: 1233 daAuts
  Lair:3: 1221 daAuts
     D:8: 1210 daAuts
  Lair:2: 1181 daAuts
     D:3: 1028 daAuts
     D:2: 976 daAuts
     D:5: 951 daAuts
  Lair:1: 850 daAuts
     D:1: 849 daAuts
     D:6: 834 daAuts
  Lair:4: 486 daAuts
Gauntlet: 429 daAuts
  Temple: 186 daAuts
